PIO (24 & UNDER)
SURREY SINNERS @ EAU CLAIRE ESQUIRES
08/29/2023
 
TOP OF THE 1ST
Surrey Sinners batting - Pitching for Eau Claire Esquires : RHP Nick Parks
Pitching: RHP Nick Parks
Batting: RHB José Toro 0-0: Swinging Strike
0-1: Ground out 5-3 (Groundball, 5)
Batting: LHB Brian Ford 0-0: Ground out 4-3 (Groundball, 4)
Batting: RHB Víctor Arredondo 0-0: Called Strike
0-1: Ball
1-1: Foul Ball, location: 2F
1-2: Ball
2-2: Foul Ball, location: 2F
2-2: Strikes out swinging
Top of the 1st over - 0 run(s), 0 hit(s), 0 error(s), 0 left on base; Surrey 0 - Eau Claire 0
BOTTOM OF THE 1ST
Eau Claire Esquires batting - Pitching for Surrey Sinners : LHP Ron Cummins
Pitching: LHP Ron Cummins
Batting: RHB Eric Fuller 0-0: Foul Ball, location: 2F
0-1: Ball
1-1: Swinging Strike
1-2: Foul Ball, location: 2F
1-2: Strikes out swinging
Batting: LHB Jorge Fernández 0-0: Ball
1-0: SINGLE (Groundball, 34D)
Batting: RHB Roberto García 0-0: Ball
1-0: Called Strike
1-1: Foul Ball, location: 2F
1-2: Strikes out looking
Batting: LHB Michael Cook 0-0: Fielders Choice at 2nd, 5-4 (Groundball, 56)
Bottom of the 1st over - 0 run(s), 1 hit(s), 0 error(s), 0 left on base; Surrey 0 - Eau Claire 0
TOP OF THE 2ND
Surrey Sinners batting - Pitching for Eau Claire Esquires : RHP Nick Parks
Batting: RHB Armando Pagán 0-0: Foul Ball, location: 2F
0-1: Ball
1-1: Foul Ball, location: 2F
1-2: Foul Ball, location: 2F
1-2: Strikes out swinging
Batting: RHB Max Alexander 0-0: Ball
1-0: Fly out, F8 (Flyball, 8RD)
Batting: RHB Ryan Parrish 0-0: Ground out 6-3 (Groundball, 6)
Top of the 2nd over - 0 run(s), 0 hit(s), 0 error(s), 0 left on base; Surrey 0 - Eau Claire 0
BOTTOM OF THE 2ND
Eau Claire Esquires batting - Pitching for Surrey Sinners : LHP Ron Cummins
Batting: RHB Norm Francis 0-0: Ground out 1-3 (Groundball, 13S)
Batting: RHB Javier Reyes 0-0: Foul Ball, location: 2F
0-1: Foul Ball, location: 2F
0-2: Ball
1-2: Ball
2-2: Strikes out swinging
Batting: RHB José Ruíz 0-0: Swinging Strike
0-1: Called Strike
0-2: Strikes out swinging
Bottom of the 2nd over - 0 run(s), 0 hit(s), 0 error(s), 0 left on base; Surrey 0 - Eau Claire 0
TOP OF THE 3RD
Surrey Sinners batting - Pitching for Eau Claire Esquires : RHP Nick Parks
Batting: RHB Dave Anderson 0-0: SINGLE (Line Drive, 4MD)
Batting: RHB Horace Johnson 0-0: Foul Ball, location: 2F
0-1: Swinging Strike
0-2: Strikes out swinging
Batting: LHB Edmund Ross 0-0: Ball
Dave Anderson steals 2nd base
1-0: DOUBLE (Line Drive, 78M)
Dave Anderson scores
Batting: RHB José Toro 0-0: Called Strike
0-1: Swinging Strike
0-2: Ball
1-2: Ball
2-2: Foul Ball, location: 2F
2-2: Strikes out swinging
Batting: LHB Brian Ford 0-0: Ground out 4-3 (Groundball, 4)
Top of the 3rd over - 1 run(s), 2 hit(s), 0 error(s), 1 left on base; Surrey 1 - Eau Claire 0
BOTTOM OF THE 3RD
Eau Claire Esquires batting - Pitching for Surrey Sinners : LHP Ron Cummins
Batting: RHB Ronald Parsons 0-0: Called Strike
0-1: Ball
1-1: Foul Ball, location: 2F
1-2: Ball
2-2: Ball
3-2: Strikes out swinging
Batting: LHB Manny Salazar 0-0: Fly out, F7 (Line Drive, 7M)
Batting: RHB Eric Fuller 0-0: Ball
1-0: Ball
2-0: Swinging Strike
2-1: SINGLE (Line Drive, 5L)
Batting: LHB Jorge Fernández 0-0: Ball
Eric Fuller steals 2nd base
1-0: Called Strike
1-1: Ball
2-1: Foul Ball, location: 2F
2-2: Fly out, F6 (Popup, 6D)
Bottom of the 3rd over - 0 run(s), 1 hit(s), 0 error(s), 1 left on base; Surrey 1 - Eau Claire 0
TOP OF THE 4TH
Surrey Sinners batting - Pitching for Eau Claire Esquires : RHP Nick Parks
Batting: RHB Víctor Arredondo 0-0: Ball
1-0: Ball
2-0: Called Strike
2-1: Ball
3-1: Base on Balls
Batting: RHB Armando Pagán 0-0: Called Strike
0-1: Fly out, F8 (Flyball, 89XD)
Batting: RHB Max Alexander 0-0: Ball
1-0: Foul Ball, location: 2F
1-1: Fly out, F8 (Popup, 6D)
Batting: RHB Ryan Parrish 0-0: Swinging Strike
0-1: Ball
1-1: Swinging Strike
1-2: Strikes out swinging
Top of the 4th over - 0 run(s), 0 hit(s), 0 error(s), 1 left on base; Surrey 1 - Eau Claire 0
BOTTOM OF THE 4TH
Eau Claire Esquires batting - Pitching for Surrey Sinners : LHP Ron Cummins
Batting: RHB Roberto García 0-0: Foul Ball, location: 2F
0-1: Ball
1-1: Ground out 4-3 (Groundball, 6M)
Batting: LHB Michael Cook 0-0: Ball
1-0: Ball
2-0: Called Strike
2-1: Ground out 4-3 (Groundball, 4)
Batting: RHB Norm Francis 0-0: Ball
1-0: Foul Ball, location: 2F
1-1: Ground out 5-3 (Groundball, 5S)
Bottom of the 4th over - 0 run(s), 0 hit(s), 0 error(s), 0 left on base; Surrey 1 - Eau Claire 0
TOP OF THE 5TH
Surrey Sinners batting - Pitching for Eau Claire Esquires : RHP Nick Parks
Batting: RHB Dave Anderson 0-0: Ball
1-0: Fly out, F8 (Popup, 8RS)
Batting: RHB Horace Johnson 0-0: Swinging Strike
0-1: Ball
1-1: Swinging Strike
1-2: Foul Ball, location: 2F
1-2: Ground out U3 (Groundball, 3S)
Batting: LHB Edmund Ross 0-0: Ball
1-0: Called Strike
1-1: Ball
2-1: Foul Ball, location: 2F
2-2: Ball
3-2: Strikes out swinging
Top of the 5th over - 0 run(s), 0 hit(s), 0 error(s), 0 left on base; Surrey 1 - Eau Claire 0
BOTTOM OF THE 5TH
Eau Claire Esquires batting - Pitching for Surrey Sinners : LHP Ron Cummins
Batting: RHB Javier Reyes 0-0: Ball
1-0: Fly out, F9 (Flyball, 89S)
Batting: RHB José Ruíz 0-0: SOLO HOME RUN (Line Drive, 7D), Distance : 344 ft
Batting: RHB Ronald Parsons 0-0: Foul Ball, location: 2F
0-1: Called Strike
0-2: Ball
1-2: Ball
2-2: Strikes out swinging
Batting: LHB Manny Salazar 0-0: Ball
1-0: Ball
2-0: SINGLE (Groundball, 34D)
Batting: RHB Eric Fuller 0-0: Foul Ball, location: 2F
0-1: SINGLE (Line Drive, 34)
Manny Salazar to second
Runner from 2nd tries for 3rd, SAFE, no throw or cutoff
Batting: LHB Jorge Fernández 0-0: Ball
1-0: Fielders Choice at 2nd, U6 (Groundball, 6M)
Bottom of the 5th over - 1 run(s), 3 hit(s), 0 error(s), 2 left on base; Surrey 1 - Eau Claire 1
TOP OF THE 6TH
Surrey Sinners batting - Pitching for Eau Claire Esquires : RHP Nick Parks
Batting: RHB José Toro 0-0: Foul Ball, location: 2F
0-1: Swinging Strike
0-2: Strikes out swinging
Batting: LHB Brian Ford 0-0: Foul Ball, location: 2F
0-1: Ball
1-1: Swinging Strike
1-2: Ball
2-2: Strikes out swinging
Batting: RHB Víctor Arredondo 0-0: Ball
1-0: Called Strike
1-1: Swinging Strike
1-2: Ball
2-2: Ball
3-2: Fly out, F4 (Popup, 4MD)
Top of the 6th over - 0 run(s), 0 hit(s), 0 error(s), 0 left on base; Surrey 1 - Eau Claire 1
BOTTOM OF THE 6TH
Eau Claire Esquires batting - Pitching for Surrey Sinners : LHP Ron Cummins
Batting: RHB Roberto García 0-0: Called Strike
0-1: Called Strike
0-2: Ball
1-2: Strikes out swinging
Batting: LHB Michael Cook 0-0: Ball
1-0: Foul Ball, location: 2F
1-1: Ball
2-1: Foul Ball, location: 2F
2-2: Strikes out swinging
Batting: RHB Norm Francis 0-0: Ball
1-0: Called Strike
1-1: Foul Ball, location: 2F
1-2: Foul Ball, location: 2F
1-2: Ball
2-2: Foul Ball, location: 2F
2-2: TRIPLE (Flyball, 89D)
Batting: RHB Javier Reyes 0-0: Ball
1-0: Foul Ball, location: 2F
1-1: Ball
2-1: Foul Ball, location: 2F
2-2: Ball
3-2: Foul Ball, location: 2F
3-2: Base on Balls
Pitching: RHP José González
Batting: RHB José Ruíz 0-0: Called Strike
Javier Reyes steals 2nd base
0-1: Swinging Strike
0-2: Foul Ball, location: 2F
0-2: Ball
1-2: Ball
2-2: Ball
3-2: Foul Ball, location: 2F
3-2: Base on Balls
Batting: RHB Ronald Parsons 0-0: Foul Ball, location: 2F
0-1: SINGLE (Groundball, 56D)
Norm Francis scores
Javier Reyes to third
José Ruíz to second
Runner from 3rd tries for Home, SAFE, no throw or cutoff
Batting: LHB Manny Salazar 0-0: Foul Ball, location: 2F
0-1: Ball
1-1: Swinging Strike
1-2: Strikes out looking
Bottom of the 6th over - 2 run(s), 2 hit(s), 0 error(s), 2 left on base; Surrey 1 - Eau Claire 3
TOP OF THE 7TH
Surrey Sinners batting - Pitching for Eau Claire Esquires : RHP Nick Parks
Batting: RHB Armando Pagán 0-0: Fly out, F7 (Flyball, 7M)
Batting: RHB Max Alexander 0-0: Called Strike
0-1: Called Strike
0-2: Ball
1-2: Strikes out looking
Batting: RHB Ryan Parrish 0-0: Ball
1-0: Ball
2-0: Foul Ball, location: 2F
2-1: SINGLE (Flyball, 8RS)
Batting: RHB Dave Anderson 0-0: Called Strike
0-1: Ball
1-1: Foul Ball, location: 2F
1-2: Foul Ball, location: 2F
1-2: Strikes out swinging
Top of the 7th over - 0 run(s), 1 hit(s), 0 error(s), 1 left on base; Surrey 1 - Eau Claire 3
BOTTOM OF THE 7TH
Eau Claire Esquires batting - Pitching for Surrey Sinners : RHP José González
Batting: RHB Eric Fuller 0-0: Called Strike
0-1: SINGLE (Line Drive, 6M)
Batting: LHB Jorge Fernández 0-0: Ball
1-0: Ball
2-0: Called Strike
2-1: Ball
3-1: Called Strike
3-2: SINGLE (Line Drive, 4M)
Eric Fuller to second
Eric Fuller to third
Batting: RHB Roberto García 0-0: Ball
Wild Pitch!
Eric Fuller scores
Jorge Fernández to second
1-0: Called Strike
1-1: Swinging Strike
1-2: Strikes out looking
Batting: LHB Michael Cook 0-0: Intentional Walk
Batting: RHB Norm Francis 0-0: Called Strike
0-1: Reached on error, E1 (Groundball, 25)
Jorge Fernández to third
Michael Cook to second
Pinch Hitting: RHB Dave Parker 0-0: Called Strike
0-1: Called Strike
0-2: Ball
1-2: SINGLE (Groundball, 6)
Jorge Fernández scores
Michael Cook to third
Norm Francis to second
Runner from 3rd tries for Home, SAFE, no throw or cutoff
Batting: RHB José Ruíz 0-0: Called Strike
0-1: Swinging Strike
0-2: Strikes out swinging
Batting: RHB Ronald Parsons 0-0: Called Strike
0-1: Ball
1-1: Ball
2-1: Swinging Strike
2-2: Strikes out swinging
Bottom of the 7th over - 3 run(s), 3 hit(s), 1 error(s), 2 left on base; Surrey 1 - Eau Claire 6
TOP OF THE 8TH
Surrey Sinners batting - Pitching for Eau Claire Esquires : RHP Nick Parks
Pitching: RHP Ignacio Torres
Now at 3B: Dave Parker
Batting: RHB Horace Johnson 0-0: Fly out, F9 (Flyball, 9M)
Batting: LHB Edmund Ross 0-0: Called Strike
0-1: Foul Ball, location: 2F
0-2: Strikes out swinging
Batting: RHB José Toro 0-0: Ball
1-0: Called Strike
1-1: SINGLE (Groundball, 56D)
Batting: LHB Brian Ford 0-0: Ball
1-0: Ball
2-0: Ball
3-0: Called Strike
3-1: Called Strike
3-2: SINGLE (Line Drive, 4D)
José Toro to second
José Toro to third
Batting: RHB Víctor Arredondo 0-0: Ball
1-0: Swinging Strike
1-1: Ball
2-1: Called Strike
2-2: Strikes out swinging
Top of the 8th over - 0 run(s), 2 hit(s), 0 error(s), 2 left on base; Surrey 1 - Eau Claire 6
BOTTOM OF THE 8TH
Eau Claire Esquires batting - Pitching for Surrey Sinners : RHP José González
Batting: LHB Manny Salazar 0-0: Ball
1-0: Ball
Single, Error in OF, E7, batter to second base
Batting: RHB Eric Fuller 0-0: Sac Bunt - play at first, batter OUT! 3-4
Manny Salazar to third
Batting: LHB Jorge Fernández 0-0: Foul Ball, location: 2F
0-1: Called Strike
0-2: Fly out, F8 (Flyball, 8LM)
Runner from 3rd tags up, SCORES, no throw
Pitching: RHP Juan Fonseca
Batting: RHB Roberto García 0-0: Ball
1-0: Swinging Strike
1-1: Fly out, F4 (Line Drive, 4)
Bottom of the 8th over - 1 run(s), 1 hit(s), 1 error(s), 0 left on base; Surrey 1 - Eau Claire 7
TOP OF THE 9TH
Surrey Sinners batting - Pitching for Eau Claire Esquires : RHP Ignacio Torres
Now at C: Zack Flint
Batting: RHB Armando Pagán 0-0: Called Strike
0-1: Called Strike
0-2: Ball
1-2: Foul Ball, location: 2F
1-2: Strikes out swinging
Batting: RHB Max Alexander 0-0: Ball
1-0: Foul Ball, location: 2F
1-1: Ball
2-1: Called Strike
2-2: Strikes out swinging
Batting: RHB Ryan Parrish 0-0: Ground out 5-3 (Groundball, 5S)
Top of the 9th over - 0 run(s), 0 hit(s), 0 error(s), 0 left on base; Surrey 1 - Eau Claire 7
This league is powered by Out of the Park Baseball, the baseball management simulation game for PC, Mac and Linux
Wednesday, December 2nd, 2015 - OOTP Baseball 16.8 Build 38